 Dungeon Crawl Stone Soup version 0.24.0-1-gfbc8707 (webtiles) character file.

Game seed: 14307770043894812753, levelgen mode: deterministic

6228 dforspid the Carver (level 10, -14/88 HPs)
             Began as a Minotaur Gladiator on Oct 29, 2019.
             Was an Initiate of Ru.
             Demolished by a white ugly thing (35 damage)
             ... on level 9 of the Dungeon.
             The game lasted 00:25:07 (8664 turns).

dforspid the Carver (Minotaur Gladiator)            Turns: 8664, Time: 00:25:07

Health: -14/88     AC:  5    Str: 19    XL:     10   Next: 61%
Magic:  9/9        EV: 19    Int:  5    God:    Ru [......]
Gold:   419        SH:  3    Dex: 15    Spells: 9/9 levels left

rFire    . . .     SeeInvis .   b - +4 great sword (freeze)
rCold    . . .     Gourm    .   (shield currently unavailable)
rNeg     . . .     Faith    .   y - +0 troll leather armour {Purgy}
rPois    .         Spirit   .   G - +0 hat
rElec    .         Reflect  +   k - scarf {repulsion}
rCorr    .         Harm     .   (no gloves)
MR       .....                  (no boots)
Stlth    +.........             t - +3 amulet of reflection
HPRegen  0.64/turn              (no ring)
MPRegen  0.11/turn              (no ring)

@: repel missiles
A: retaliatory headbutt, horns 2, missing an eye
a: Renounce Religion


You were on level 9 of the Dungeon.
You worshipped Ru.
Ru was noncommittal.
You were not hungry.

You visited 2 branches of the dungeon, and saw 10 of its levels.
You also visited: Sewer.

You collected 419 gold pieces.

Inventory:

Hand Weapons
 a - a +3 scimitar
 b - a +4 great sword of freezing (weapon)
 c - a +1 great sword of protection
Missiles
 d - 3 throwing nets
 B - 12 poisoned darts (quivered)
Armour
 k - a scarf of repulsion (worn)
 y - a +0 troll leather armour (worn) {Purgy}
 G - a +0 hat (worn)
Jewellery
 h - an uncursed ring of ice
 t - a +3 amulet of reflection (around neck)
 D - an uncursed ring of ice
 E - a +3 ring of protection {unknown}
 F - an uncursed ring of fire {unknown}
Wands
 w - a wand of random effects (23)
Scrolls
 g - 3 scrolls of fog
 m - 2 scrolls of amnesia
 o - a scroll of blinking {unknown}
 p - 6 scrolls of remove curse
 r - 4 scrolls of teleportation
 s - a scroll of enchant weapon {unknown}
 x - a scroll of summoning {unknown}
 C - a scroll of random uselessness {unknown}
Potions
 e - 4 potions of curing
 i - a potion of agility
 j - 2 potions of degeneration
 l - a potion of ambrosia
 n - 2 potions of lignification
 q - a potion of magic {unknown}
 u - 3 potions of mutation
 v - 2 potions of heal wounds {unknown}
 z - 4 potions of flight
 A - a potion of might {unknown}
 H - a potion of brilliance {unknown}
Comestibles
 f - 14 rations
 I - a chunk of flesh


   Skills:
 + Level 7.7 Fighting
 + Level 11.9 Long Blades
 - Level 2.0 Throwing
 - Level 7.0 Armour
 + Level 11.0 Dodging


You had 9 spell levels left.
You didn't know any spells.
Your spell library was empty.

Dungeon Overview and Level Annotations

Branches:
Dungeon (9/15)             Temple (1/1) D:7           Sewer (visited)
   Lair: D:8-11         Orc: D:9-12

Altars:
Ashenzari
Cheibriados
Dithmenos
Elyvilon
Fedhas
Gozag
Hepliaklqana
Kikubaaqudgha
Makhleb
Nemelex Xobeh
Okawaru
Qazlal
Ru
Sif Muna
Trog
Uskayaw
Vehumet
Wu Jian
Xom
Yredelemnul
Zin
The Shining One

Shops:
D:8 }


Innate Abilities, Weirdness & Mutations

You reflexively headbutt those who attack you in melee.
You have a pair of horns on your head.
You are missing an eye, making it more difficult to aim.


Message History

The white ugly thing misses you.
You barely miss the white ugly thing.
The white ugly thing is lightly wounded.
The white ugly thing misses you.
You barely miss the white ugly thing. You headbutt the white ugly thing!
The white ugly thing is moderately wounded.
The white ugly thing closely misses you.
You closely miss the white ugly thing.
The white ugly thing is moderately wounded.
The white ugly thing claws you but does no damage.
You slice the white ugly thing!! You freeze the white ugly thing.
Your headbutt misses the white ugly thing.
The white ugly thing is severely wounded.
The white ugly thing claws you. The white ugly thing freezes you!!
You hit the white ugly thing but do no damage.
The white ugly thing is severely wounded.
The white ugly thing claws you!
* * * LOW HITPOINT WARNING * * *
The white ugly thing freezes you!!
You die...

#........#
#..(..#
######'###
####+## ##.# #..#
#.## ###.
###÷#### .....
#..÷...####......
#......##hhh.....
#......@uh#......
#......#### .h...
#......# ..hh
#.....(# ..h
#......# ..
##+##### # #


You could see a white ugly thing, a warg and 3 jackals.

Vanquished Creatures
  A two-headed ogre (D:8)
  A queen bee (D:8)
  2 hippogriffs (D:7)
  Prince Ribbit (D:5)
  A wyvern (D:8)
  A hungry ghost (D:8)
  Purgy (Sewer)
  A black bear (D:7)
  A sky beast (D:5)
  3 ogres
  3 necrophages (D:6)
  2 centaurs
  A big kobold (D:7)
  3 bullfrogs
  A gnoll sergeant (D:8)
  A wyvern skeleton (D:6)
  3 scorpions
  23 killer bees
  5 howler monkeys
  7 wights
  2 bullfrog zombies (D:8)
  6 hounds
  5 jellies
  3 orc priests
  11 orc wizards
  2 bullfrog skeletons
  A centaur skeleton (D:7)
  A gnoll shaman (D:6)
  2 iguanas
  4 worker ants (D:6)
  2 worker ant zombies (D:8)
  22 gnolls
  2 river rats (D:6)
  11 adders
  A shadow imp (D:5)
  An adder skeleton (D:5)
  An adder zombie (D:8)
  2 worms (D:2)
  2 dart slugs
  3 leopard geckos
  32 orcs
  4 ball pythons
  12 giant cockroaches
  13 goblins
  7 hobgoblins
  9 jackals
  6 kobolds
  A quokka (D:8)
  7 bats
  11 frilled lizards
  A giant cockroach zombie (D:6)
  A quokka skeleton (D:3)
  10 rats
260 creatures vanquished.

Vanquished Creatures (others)
  3 fungi (D:4)
3 creatures vanquished.

Grand Total: 263 creatures vanquished

Notes
Turn   | Place    | Note
-------+----------+-------------------------------------------
     0 | D:1      | dforspid the Minotaur Gladiator began the quest for the
                  | Orb.
     0 | D:1      | Reached XP level 1. HP: 18/18 MP: 0/0
   170 | D:1      | Reached XP level 2. HP: 25/25 MP: 1/1
   221 | D:1      | You fall into a shaft and drop 1 floor!
   319 | D:2      | Reached XP level 3. HP: 23/30 MP: 2/2
  1418 | D:2      | Reached skill level 5 in Long Blades
  1418 | D:2      | Reached XP level 4. HP: 31/37 MP: 3/3
  1686 | D:2      | Reached skill level 5 in Dodging
  1686 | D:2      | Reached XP level 5. HP: 42/42 MP: 4/4
  2717 | D:3      | Reached XP level 6. HP: 42/50 MP: 5/5
  3369 | D:5      | Entered Level 5 of the Dungeon
  3448 | D:5      | Got a sparkling pewter ring
  3455 | D:5      | Identified the ring "Fozyrgh" {*Tele +Inv Dex+3 Stlth+}
                  | (You found it on level 5 of the Dungeon)
  3521 | D:5      | Reached XP level 7. HP: 42/56 MP: 6/6
  3621 | D:5      | Reached skill level 1 in Armour
  4012 | D:5      | Noticed Prince Ribbit
  4018 | D:5      | Killed Prince Ribbit
  4018 | D:5      | Reached XP level 8. HP: 46/62 MP: 7/7
  4518 | D:6      | Reached skill level 5 in Armour
  4659 | D:6      | Found a glowing drain.
  4672 | Sewer    | Entered a sewer
  4711 | Sewer    | Noticed Purgy
  4716 | Sewer    | Killed Purgy
  4898 | D:6      | Reached XP level 9. HP: 68/68 MP: 8/8
  5751 | D:7      | Reached skill level 10 in Long Blades
  5796 | D:7      | Found a staircase to the Ecumenical Temple.
  5806 | Temple   | Entered the Ecumenical Temple
  5936 | Temple   | Became a worshipper of Ru the Awakened
  6056 | D:7      | Found a white marble altar of Elyvilon.
  6519 | D:7      | Reached skill level 5 in Fighting
  7144 | D:8      | Reached skill level 10 in Dodging
  7178 | D:8      | Found a shattered altar of Ashenzari.
  7239 | D:8      | Gained mutation: You are missing an eye, making it more
                  | difficult to aim. [Ru sacrifice]
  7292 | D:8      | Noticed a two-headed ogre
  7305 | D:8      | Killed a two-headed ogre
  7305 | D:8      | Reached XP level 10. HP: 39/83 MP: 9/9
  7778 | D:8      | Found Acoiwna's Gadget Shop.
  8535 | D:9      | Noticed a white ugly thing
  8664 | D:9      | Demolished by a white ugly thing

Levels and vault maps discovered:
D:1:      wander_arrival_chamber, layout_loops_corners, st_stairs_3
D:2:      layout_loops_corners
D:3:      layout_rooms
D:4:      layout_rooms, first_ration, serial_aquarium, aquarium_bridge_straight
          [aquarium_subvault_bridge, aquarium_subvault_window,
          aquarium_subvault_bridge, aquarium_subvault_wall],
          aquarium_bridge_long_joined [aquarium_subvault_wall,
          aquarium_subvault_wall, aquarium_subvault_bridge,
          aquarium_subvault_bridge, aquarium_subvault_window,
          aquarium_subvault_wall], aquarium_window_corner, aquarium_window_fake,
          aquarium_view_2d, aquarium_view_2e, minivault_1
D:5:      layout_loops_ring, uniq_prince_ribbit1
D:6:      layout_gridville, portal_sewer_entry_e
D:7:      layout_layer_cave, minmay_temple_entry_glass, basic_altar,
          nicolae_benzene_ring
D:8:      layout_basic, nicolae_ashenzari_panopticon, serial_shops, shop_statue,
          david_nohive_1
D:9:      layout_roguey, minmay_orc_entry_guard_dogs, grunt_ministairs_11
Temple:   kilobyte_greek_temple

Skill      XL: |  1  2  3  4  5  6  7  8  9 10 |
---------------+-------------------------------+-----
Long Blades    | 4 5 6 7 8 9 11 | 11.9
Dodging        | 4 5 6 7 8 10 11 | 11.0
Armour         | 3 6 7 |  7.0
Fighting       | 6 7 |  7.7
Throwing       | |  2.0

Action                   |  1- 3 |  4- 6 |  7- 9 | 10-12 || total
-------------------------+-------+-------+-------+-------++-------
Melee: Long sword        |    72 |    60 |       |       ||   132
       Headbutt          |    12 |    15 |    58 |    31 ||   116
       Great sword       |       |    44 |   234 |   135 ||   413
Invok: Sacrifice an Eye  |       |       |     1 |       ||     1
  Use: Scroll            |       |    10 |     5 |       ||    15
       Potion            |       |       |     2 |       ||     2
 Stab: Sleeping          |     1 |       |     1 |     1 ||     3
  Eat: Chunk             |     1 |     7 |    10 |     5 ||    23
       Ration            |       |       |     1 |       ||     1
Armor: Leather armour    |    10 |    20 |    37 |       ||    67
       Troll leather arm |       |       |    35 |    27 ||    62
Dodge: Dodged            |    63 |    99 |   241 |   153 ||   556
       Deflected         |       |     1 |     1 |       ||     2
Block: Other             |       |       |     3 |    26 ||    29
       Reflection        |       |       |     1 |       ||     1
       Rpst.: Long sword |    12 |    19 |       |       ||    31
       Great sword       |       |    15 |    82 |    40 ||   137
